Marlies vs Stars

Created - Sunday, November 30, 2014 at 00:21

Goals
1 2 3 OT1 SO T
Marlies 1 0 0 0 2 2
Stars 0 1 0 0 1 1
Shots
1 2 3 OT1 SO T
Marlies 8 14 7 1 5 30
Stars 6 16 5 0 5 27

1st period

1. Marlies , Jonathon Blum 14 (Colton Gillies, Sheldon Brookbank) at 0:55 (PP)

Penalties :
Jamie Oleksiak (TEX) for Fighting (Major) at 0:29, Rich Clune (TOR) for Fighting (Major) at 0:29, Jamie Oleksiak (TEX) for instigated a fight (Minor) at 0:29, Jamie Oleksiak (TEX) for instigated a fight (10 Minutes Misconduct) at 0:29, Patrik Nemeth (TEX) for Fighting (Major) at 1:01, George Parros (TOR) for Fighting (Major) at 1:01, Steven Delisle (TEX) for Fighting (Major) at 1:31, Scott Harrington (TOR) for Fighting (Major) at 1:31, Cameron Gaunce (TEX) for Charging (Minor) at 2:37

2nd period

2. Stars , Zac Dalpe 4 (Justin Shugg, Cameron Gaunce) at 8:06

Penalties :
Jamie Oleksiak (TEX) for Fighting (Major) at 1:58, Sheldon Brookbank (TOR) for Fighting (Major) at 1:58, Jamie Oleksiak (TEX) for Fighting (Major / Game Misconduct) at 8:11, George Parros (TOR) for Fighting (Major) at 8:11, Steven Delisle (TEX) for Fighting (Major) at 9:51, Sheldon Brookbank (TOR) for Fighting (Major) at 9:51, Farm Player29 (TOR) for Roughing (Minor) at 14:14

3rd period

No Goal

Penalties :
Steven Delisle (TEX) for Fighting (Major / Game Misconduct) at 1:09, George Parros (TOR) for Fighting (Major / Game Misconduct) at 1:09, Sheldon Brookbank (TOR) for Elbowing (Minor) at 2:19, Scott Harrington (TOR) for Hooking (Minor) at 13:03, Patrik Nemeth (TEX) for Fighting (Major) at 16:51, Scott Harrington (TOR) for Fighting (Major) at 16:51, Matt Tennyson (TEX) for Fighting (Major) at 16:56, Morgan Ellis (TOR) for Fighting (Major) at 16:56

Overtime #1

No Goal

Penalties :
No Penalty

Shootout

Penalty Shot by Sheldon Brookbank for Marlies - Stopped by Joey MacDonald
Penalty Shot by Carter Bancks for Stars - Stopped by Scott Clemmensen
Penalty Shot by Colton Gillies for Marlies - Stopped by Joey MacDonald
Penalty Shot by Vinny Saponari for Stars - Shot Misses the Net
Penalty Shot by Rich Clune for Marlies - Shot Misses the Net
Penalty Shot by Justin Shugg for Stars - Stopped by Scott Clemmensen
Penalty Shot by Matt Dumba for Marlies - Goal!
Penalty Shot by Michael Davies for Stars - Goal!
Penalty Shot by Joel Armia for Marlies - Goal!
Penalty Shot by Alexandre Grenier for Stars - Stopped by Scott Clemmensen

Penalties :
No Penalty

Goalie Stats

Scott Clemmensen (TOR), 26 saves from 27 shots - (0.963), W, 9-7-5, 65:00 minutes
Joey MacDonald (TEX), 29 saves from 30 shots - (0.967), OTL, 9-7-2, 65:00 minutes

Players Stats for Marlies

Player Name              G  A  P  +/- PIM S  H  SB GA TA FO     MP     PP MP  PK MP  
------------------------------------------------------------------------------------
Austen Brassard          0  0  0   0  0   0  0  0  0  0  0/0     2:56   0:00   0:00 
Brendon Nash             0  0  0   0  0   0  0  0  0  1  0/0    11:53   0:00   0:23 
Colton Gillies           0  1  1   0  0   1  1  2  0  0  4/4    25:08   1:32   3:30 
Drew Schiestel           0  0  0   0  0   0  0  0  0  0  1/1    16:37   0:00   2:44 
Farm Player24            0  0  0   0  0   0  3  0  0  0  7/12   21:25   0:53   1:21 
Farm Player29            0  0  0   0  2   0  2  0  0  0  0/1    18:29   0:53   0:00 
Farm Player31            0  0  0  -1  0   0  2  0  0  1  2/6    18:21   0:53   0:41 
George Parros            0  0  0   0  25  4  2  2  1  1  0/0     9:22   0:00   0:00 
Jake Hansen              0  0  0   0  0   1  0  0  1  0  0/1    17:23   1:32   0:00 
Joel Armia               0  0  0  -1  0   0  1  1  2  1  1/1    15:00   0:00   0:24 
Jonathon Blum            1  0  1  -1  0   6  1  3  2  3  0/0    22:54   2:15   3:45 
Jordan Henry             0  0  0   0  0   0  0  0  0  0  0/0     9:23   0:00   0:00 
Matt Dumba               0  0  0   0  0   5  2  2  2  2  0/1    22:49   0:10   2:12 
Morgan Ellis             0  0  0  -1  5   3  0  1  0  1  0/0    19:24   0:10   0:00 
Nicolas Deschamps        0  0  0   0  0   0  0  0  1  2  8/14   21:28   1:32   1:46 
Rich Clune               0  0  0   0  5   3  3  0  7  2  0/2    22:30   0:00   4:12 
Scott Harrington         0  0  0   0  12  6  1  2  0  1  0/0    16:41   0:00   1:21 
Sheldon Brookbank        0  1  1  -1  12  1  5  2  3  1  0/0    22:32   2:15   1:33 

Players Stats for Stars

Player Name              G  A  P  +/- PIM S  H  SB GA TA FO     MP     PP MP  PK MP  
------------------------------------------------------------------------------------
Alexandre Grenier        0  0  0   0  0   2  3  0  2  1  0/0    19:05   2:39   1:25 
Austin Madaisky          0  0  0   0  0   0  0  0  1  0  0/0     9:26   1:12   0:00 
Cameron Gaunce           0  1  1   0  2   0  6  1  0  3  0/0    32:03   2:07   0:00 
Carlo Colaiacovo         0  0  0   0  0   3  4  3  5  1  0/0    24:33   3:39   1:59 
Carter Bancks            0  0  0   0  0   0  2  0  1  0  0/0    17:37   0:22   0:00 
Jamie Oleksiak           0  0  0   1  37  1  0  0  0  0  0/0     4:12   0:00   0:00 
Joonas Rask              0  0  0   0  0   0  0  0  0  0  0/0     0:00   0:00   0:00 
Justin Shugg             0  1  1   1  0   6  3  0  2  0  1/1    23:46   2:40   1:00 
Matt Lowry               0  0  0   0  0   0  1  0  2  0  2/7    14:22   0:00   0:00 
Matt Tennyson            0  0  0   0  5   2  3  3  2  3  0/0    25:02   3:00   2:25 
Matt Watkins             0  0  0   0  0   1  1  0  4  0  0/0    19:49   2:55   0:00 
Michael Davies           0  0  0   0  0   1  2  0  3  1  2/3    21:17   2:55   1:00 
Patrik Nemeth            0  0  0   0  10  2  2  0  1  3  0/0    20:54   1:56   0:00 
Spencer Machacek         0  0  0   1  0   1  1  0  0  0  4/9    24:56   2:17   1:25 
Steven Delisle           0  0  0   1  25  0  1  0  0  0  0/0    12:40   0:00   0:26 
Vinny Saponari           0  0  0   0  0   1  0  1  1  0  0/1    11:21   0:45   0:00 
Wacey Hamilton           0  0  0   0  0   1  3  0  0  0  4/10   20:40   3:18   0:00 
Zac Dalpe                1  0  1   1  0   6  0  1  2  1  7/12   15:56   0:00   0:00 

3 Stars

1 - Joey MacDonald (TEX)
2 - Scott Clemmensen (TOR)
3 - Zac Dalpe (TEX)

Power Play

Marlies - 1 on 2 Attempt(s) - 50.00%
Stars - 0 on 3 Attempt(s) - 0.00%

Penalty Kill

Marlies - 3 on 3 Attempt(s) - 100.00% - Score 0 goal in Penalty Kill
Stars - 1 on 2 Attempt(s) - 50.00% - Score 0 goal in Penalty Kill

Official

Referees : Unknown
Linesman : Unknown

Game Notes

Jamie Oleksiak beats up Rich Clune at 0:29 of 1st period
Patrik Nemeth and George Parros fight to a draw at 1:01 of 1st period
Steven Delisle and Scott Harrington fight to a draw at 1:31 of 1st period
Jamie Oleksiak and Sheldon Brookbank fight to a draw at 1:58 of 2nd period
Jamie Oleksiak beats up George Parros at 8:11 of 2nd period
Jamie Oleksiak ejected from game at 8:11 of 2nd period
Steven Delisle beats up Sheldon Brookbank at 9:51 of 2nd period
Steven Delisle and George Parros fight to a draw at 1:09 of 3rd period
Steven Delisle ejected from game at 1:09 of 3rd period
Steven Delisle from Stars is suspended for 1 game(s)
George Parros ejected from game at 1:09 of 3rd period
Jordan Henry is injured at 15:40 of 3rd period (Back Spasms)
Patrik Nemeth and Scott Harrington fight to a draw at 16:51 of 3rd period
Matt Tennyson and Morgan Ellis fight to a draw at 16:56 of 3rd period

Finance

Level 1 -- Attendance: 1482 (74.10%) -- Ticket Income $51,870
Level 2 -- Attendance: 787 (78.70%) -- Ticket Income $11,805
Total Attendance: 2269 (75.63%)
Total Ticket Income: $63,675
Other Income: $31,201
Total Income: $94,876

Marlies

5 vs 5 Forward 
   Center                   Left Wing                Right Wing               Time % Phy DF OF 
 1 Nicolas Deschamps        Colton Gillies           Rich Clune               35     1   2  2  
 2 Farm Player24            Farm Player29            George Parros            30     1   2  2  
 3 Farm Player31            Sheldon Brookbank        Joel Armia               22     1   2  2  
 4 Colton Gillies           Rich Clune               Jake Hansen              13     1   2  2  

5 vs 5 Defense 
   Defense                  Defense                                           Time % Phy DF OF 
 1 Sheldon Brookbank        Jonathon Blum                                     35     1   2  2  
 2 Scott Harrington         Matt Dumba                                        30     1   2  2  
 3 Morgan Ellis             Drew Schiestel                                    22     1   2  2  
 4 Brendon Nash             Jordan Henry                                      13     1   2  2  

PowerPlay Forward 
   Center                   Left Wing                Right Wing               Time % Phy DF OF 
 1 Nicolas Deschamps        Colton Gillies           Rich Clune               60     1   2  2  
 2 Farm Player24            Farm Player29            George Parros            40     1   2  2  

PowerPlay Defense
   Defense                  Defense                                           Time % Phy DF OF 
 1 Sheldon Brookbank        Jonathon Blum                                     60     1   2  2  
 2 Scott Harrington         Matt Dumba                                        40     1   2  2  

Penalty Kill 4 Players Forward 
   Center                   Wing                     Time % Phy DF OF 
 1 Colton Gillies           Rich Clune               60     1   2  2  
 2 George Parros            Joel Armia               40     1   2  2  

Penalty Kill 4 Players Defense
   Defense                  Defense                  Time % Phy DF OF 
 1 Sheldon Brookbank        Jonathon Blum            60     1   2  2  
 2 Scott Harrington         Matt Dumba               40     1   2  2  

Penalty Kill - 3 Players Forward 
   Forward                                           Time % Phy DF OF 
 1 Colton Gillies                                    60     1   2  2  
 2 Rich Clune                                        40     1   2  2  

Penalty Kill - 3 Players Defense
   Defense                  Defense                  Time % Phy DF OF 
 1 Sheldon Brookbank        Jonathon Blum            60     1   2  2  
 2 Scott Harrington         Matt Dumba               40     1   2  2  

4 vs 4 Forward 
   Center                   Wing                     Time % Phy DF OF 
 1 Colton Gillies           Rich Clune               60     1   2  2  
 2 George Parros            Joel Armia               40     1   2  2  

4 vs 4 Defense
   Defense                  Defense                  Time % Phy DF OF 
 1 Sheldon Brookbank        Jonathon Blum            60     1   2  2  
 2 Scott Harrington         Matt Dumba               40     1   2  2  

Last Minutes Offensive
   Center                   Left Wing                Right Wing               Defense                  Defense                  
   Nicolas Deschamps        Colton Gillies           Rich Clune               Sheldon Brookbank        Jonathon Blum            

Last Minutes Defensive
   Center                   Left Wing                Right Wing               Defense                  Defense                  
   Nicolas Deschamps        Colton Gillies           Rich Clune               Sheldon Brookbank        Jonathon Blum            

Goaltenders
Starting : Scott Clemmensen         
Backup : Tyler Beskorowany        

Extra Forwards
Normal : Jake Hansen, Farm Player31, Nicolas Deschamps - PP : Jake Hansen, Farm Player31 - PK : Nicolas Deschamps
Extra Defensemen
Normal : Morgan Ellis, Drew Schiestel, Brendon Nash - PP : Morgan Ellis - PK : Drew Schiestel, Brendon Nash
Penalty Shots
Sheldon Brookbank, Colton Gillies, Rich Clune, George Parros, Joel Armia

Stars

5 vs 5 Forward 
   Center                   Left Wing                Right Wing               Time % Phy DF OF 
 1 Zac Dalpe                Justin Shugg             Spencer Machacek         35     1   2  2  
 2 Wacey Hamilton           Matt Watkins             Michael Davies           30     1   2  2  
 3 Matt Lowry               Carter Bancks            Alexandre Grenier        22     1   2  2  
 4 Spencer Machacek         Justin Shugg             Vinny Saponari           13     1   2  2  

5 vs 5 Defense 
   Defense                  Defense                                           Time % Phy DF OF 
 1 Matt Tennyson            Jamie Oleksiak                                    35     1   2  2  
 2 Cameron Gaunce           Patrik Nemeth                                     30     1   2  2  
 3 Jamie Oleksiak           Steven Delisle                                    22     1   2  2  
 4 Cameron Gaunce           Jamie Oleksiak                                    13     1   2  2  

PowerPlay Forward 
   Center                   Left Wing                Right Wing               Time % Phy DF OF 
 1 Spencer Machacek         Justin Shugg             Alexandre Grenier        60     1   2  2  
 2 Wacey Hamilton           Matt Watkins             Michael Davies           40     1   2  2  

PowerPlay Defense
   Defense                  Defense                                           Time % Phy DF OF 
 1 Matt Tennyson            Jamie Oleksiak                                    60     1   2  2  
 2 Cameron Gaunce           Steven Delisle                                    40     1   2  2  

Penalty Kill 4 Players Forward 
   Center                   Wing                     Time % Phy DF OF 
 1 Spencer Machacek         Alexandre Grenier        60     1   2  2  
 2 Justin Shugg             Michael Davies           40     1   2  2  

Penalty Kill 4 Players Defense
   Defense                  Defense                  Time % Phy DF OF 
 1 Matt Tennyson            Jamie Oleksiak           60     1   2  2  
 2 Cameron Gaunce           Steven Delisle           40     1   2  2  

Penalty Kill - 3 Players Forward 
   Forward                                           Time % Phy DF OF 
 1 Justin Shugg                                      60     1   2  2  
 2 Michael Davies                                    40     1   2  2  

Penalty Kill - 3 Players Defense
   Defense                  Defense                  Time % Phy DF OF 
 1 Matt Tennyson            Jamie Oleksiak           60     1   2  2  
 2 Cameron Gaunce           Patrik Nemeth            40     1   2  2  

4 vs 4 Forward 
   Center                   Wing                     Time % Phy DF OF 
 1 Vinny Saponari           Spencer Machacek         60     1   2  2  
 2 Justin Shugg             Michael Davies           40     1   2  2  

4 vs 4 Defense
   Defense                  Defense                  Time % Phy DF OF 
 1 Steven Delisle           Jamie Oleksiak           60     1   2  2  
 2 Cameron Gaunce           Matt Tennyson            40     1   2  2  

Last Minutes Offensive
   Center                   Left Wing                Right Wing               Defense                  Defense                  
   Zac Dalpe                Justin Shugg             Spencer Machacek         Matt Tennyson            Jamie Oleksiak           

Last Minutes Defensive
   Center                   Left Wing                Right Wing               Defense                  Defense                  
   Zac Dalpe                Justin Shugg             Spencer Machacek         Matt Tennyson            Jamie Oleksiak           

Goaltenders
Starting : Joey MacDonald           
Backup : Nikolai Khabibulin       

Extra Forwards
Normal : Alexandre Grenier, Vinny Saponari, Carter Bancks - PP : Alexandre Grenier, Vinny Saponari - PK : Carter Bancks
Extra Defensemen
Normal : Jamie Oleksiak, Steven Delisle, Cameron Gaunce - PP : Jamie Oleksiak - PK : Steven Delisle, Cameron Gaunce
Penalty Shots
Carter Bancks, Vinny Saponari, Justin Shugg, Michael Davies, Alexandre Grenier

% Time on Ice - Marlies

Lines # - Real PCT - Wanted PCT - Time Play
Normal Forward
1 - 28% - 35% - 14:41
2 - 36% - 30% - 18:24
3 - 27% - 22% - 13:53
4 - 9% - 13% - 4:40
Normal Defense
1 - 28% - 35% - 14:28
2 - 31% - 30% - 15:51
3 - 21% - 22% - 10:58
4 - 20% - 13% - 10:21
PP Forward
1 - 63% - 60% - 1:32
2 - 37% - 40% - 0:53
PP Defense
1 - 93% - 60% - 2:15
2 - 7% - 40% - 0:10
PK Forward
1 - 93% - 60% - 5:33
2 - 7% - 40% - 0:24
PK Defense
1 - 63% - 60% - 3:45
2 - 37% - 40% - 2:12
PK3 Forward
1 - 0% - 60%
2 - 0% - 40%
PK3 Defense
1 - 0% - 60%
2 - 0% - 40%
44 Forward
1 - 86% - 60% - 4:17
2 - 14% - 40% - 0:43
44 Defense
1 - 49% - 60% - 2:26
2 - 51% - 40% - 2:34
Last Minute Offensive  - 0:00
Last Minute Defensive  - 0:00
Total
Forward - 65:00
Defense - 65:00

% Time on Ice - Stars

Lines # - Real PCT - Wanted PCT - Time Play
Normal Forward
1 - 30% - 35% - 15:38
2 - 32% - 30% - 16:32
3 - 28% - 22% - 14:22
4 - 10% - 13% - 5:06
Normal Defense
1 - 31% - 35% - 16:14
2 - 20% - 30% - 10:33
3 - 42% - 22% - 21:28
4 - 7% - 13% - 3:23
PP Forward
1 - 51% - 60% - 3:02
2 - 49% - 40% - 2:55
PP Defense
1 - 78% - 60% - 4:37
2 - 22% - 40% - 1:20
PK Forward
1 - 59% - 60% - 1:25
2 - 41% - 40% - 1:00
PK Defense
1 - 53% - 60% - 1:17
2 - 47% - 40% - 1:08
PK3 Forward
1 - 0% - 60%
2 - 0% - 40%
PK3 Defense
1 - 0% - 60%
2 - 0% - 40%
44 Forward
1 - 83% - 60% - 4:09
2 - 17% - 40% - 0:51
44 Defense
1 - 100% - 60% - 5:00
2 - 0% - 40% - 0:00
Last Minute Offensive  - 0:00
Last Minute Defensive  - 0:00
Total
Forward - 65:00
Defense - 65:00

Play by Play

1st period


0:01 of 1st period - Zac Dalpe wins face-off versus Nicolas Deschamps in neutral zone.
0:22 of 1st period - Snap shot by Zac Dalpe.
0:22 of 1st period - Stopped by Scott Clemmensen with a rebound.
0:24 of 1st period - Slapshot by Matt Tennyson.
0:24 of 1st period - Shot Blocked by Jonathon Blum.
0:26 of 1st period - Wrist shot by Zac Dalpe.
0:26 of 1st period - Shot Blocked by Colton Gillies.
0:28 of 1st period - Snap shot by Spencer Machacek.
0:28 of 1st period - Shot Misses the Net.
0:29 of 1st period - Jamie Oleksiak beats up Rich Clune.
0:29 of 1st period - Penalty to Jamie Oleksiak for Fighting.
0:29 of 1st period - Penalty to Rich Clune for Fighting.
0:29 of 1st period - Penalty to Jamie Oleksiak for instigated a fight.
0:29 of 1st period - Penalty to Jamie Oleksiak for instigated a fight.
0:30 of 1st period - Nicolas Deschamps wins face-off versus Spencer Machacek in Marlies zone.
0:51 of 1st period - Slapshot by Jonathon Blum.
0:51 of 1st period - Stopped by Joey MacDonald with a rebound.
0:53 of 1st period - Snap shot by Colton Gillies.
0:53 of 1st period - Shot Misses the Net.
0:55 of 1st period - Wrist shot by Jonathon Blum.
0:55 of 1st period - Goal by Jonathon Blum - Marlies : 1 - Stars : 0.
0:56 of 1st period - Farm Player24 wins face-off versus Wacey Hamilton in neutral zone.
1:01 of 1st period - Patrik Nemeth and George Parros fight to a draw.
1:01 of 1st period - Penalty to Patrik Nemeth for Fighting.
1:01 of 1st period - Penalty to George Parros for Fighting.
1:02 of 1st period - Matt Lowry wins face-off versus Farm Player31 in neutral zone.
1:30 of 1st period - Snap shot by Sheldon Brookbank.
1:30 of 1st period - Stopped by Joey MacDonald without a rebound.
1:31 of 1st period - Wacey Hamilton wins face-off versus Farm Player24 in Stars zone.
1:31 of 1st period - Steven Delisle and Scott Harrington fight to a draw.
1:31 of 1st period - Penalty to Steven Delisle for Fighting.
1:31 of 1st period - Penalty to Scott Harrington for Fighting.
1:32 of 1st period - Michael Davies wins face-off versus Jake Hansen in Stars zone.
2:25 of 1st period - Slapshot by Vinny Saponari.
2:25 of 1st period - Shot Blocked by Colton Gillies.
2:27 of 1st period - Snap shot by Vinny Saponari.
2:27 of 1st period - Stopped by Scott Clemmensen without a rebound.
2:28 of 1st period - Farm Player31 wins face-off versus Spencer Machacek in Marlies zone.
2:28 of 1st period - Farm Player31 is hit by Matt Tennyson.
2:37 of 1st period - Minor Penalty to Cameron Gaunce for Charging.
2:38 of 1st period - Spencer Machacek wins face-off versus Nicolas Deschamps in Stars zone.
2:47 of 1st period - Nicolas Deschamps is hit by Carlo Colaiacovo and loses puck.
3:35 of 1st period - Wrist shot by Michael Davies.
3:35 of 1st period - Deflect By Justin Shugg.
3:35 of 1st period - Stopped by Scott Clemmensen with a rebound.
3:57 of 1st period - Matt Tennyson is hit by Farm Player24 and loses puck.
4:37 of 1st period - Penalty to Cameron Gaunce is over, Cameron Gaunce is back on ice.
5:27 of 1st period - Michael Davies is hit by Matt Dumba.
6:47 of 1st period - Slapshot by Michael Davies.
6:47 of 1st period - Shot Misses the Net.
6:49 of 1st period - Snap shot by Matt Watkins.
6:49 of 1st period - Stopped by Scott Clemmensen with a rebound.
7:09 of 1st period - Drew Schiestel is hit by Carter Bancks and loses puck.
7:46 of 1st period - Scott Harrington is hit by Matt Tennyson and loses puck.
8:26 of 1st period - Scott Harrington is hit by Alexandre Grenier and loses puck.
9:31 of 1st period - Slapshot by George Parros.
9:31 of 1st period - Stopped by Joey MacDonald without a rebound.
9:32 of 1st period - Drew Schiestel wins face-off versus Matt Lowry in Stars zone.
9:33 of 1st period - Slapshot by Jonathon Blum.
9:33 of 1st period - Stopped by Joey MacDonald with a rebound.
9:35 of 1st period - Slapshot by Colton Gillies.
9:35 of 1st period - Stopped by Joey MacDonald with a rebound.
9:37 of 1st period - Snap shot by Drew Schiestel.
9:37 of 1st period - Shot Misses the Net.
10:35 of 1st period - Slapshot by Vinny Saponari.
10:35 of 1st period - Deflect By Zac Dalpe.
10:35 of 1st period - Stopped by Scott Clemmensen with a rebound.
10:37 of 1st period - Slapshot by Steven Delisle.
10:37 of 1st period - Deflect By Justin Shugg.
10:37 of 1st period - Shot Misses the Net.
10:37 of 1st period - Puck is out of play.
10:38 of 1st period - Nicolas Deschamps wins face-off versus Zac Dalpe in Marlies zone.
10:38 of 1st period - Nicolas Deschamps is hit by Justin Shugg.
10:50 of 1st period - Slapshot by Matt Dumba.
10:50 of 1st period - Shot Blocked by Matt Tennyson.
11:23 of 1st period - Wrist shot by Michael Davies.
11:23 of 1st period - Shot Blocked by Scott Harrington.
11:50 of 1st period - Patrik Nemeth is hit by Sheldon Brookbank and loses puck.
12:05 of 1st period - Zac Dalpe is hit by George Parros and loses puck.
12:12 of 1st period - Slapshot by Brendon Nash.
12:12 of 1st period - Shot Blocked by Carlo Colaiacovo.
12:14 of 1st period - Snap shot by George Parros.
12:14 of 1st period - Shot Misses the Net.
12:16 of 1st period - Slapshot by Farm Player24.
12:16 of 1st period - Shot Blocked by Carlo Colaiacovo.
12:18 of 1st period - Wrist shot by George Parros.
12:18 of 1st period - Stopped by Joey MacDonald with a rebound.
13:10 of 1st period - Snap shot by Jake Hansen.
13:10 of 1st period - Stopped by Joey MacDonald with a rebound.
14:11 of 1st period - Off-side.
14:12 of 1st period - Farm Player24 wins face-off versus Wacey Hamilton in neutral zone.
15:29 of 1st period - 10 Minutes Misconduct Penalty to Jamie Oleksiak is over.
16:22 of 1st period - Zac Dalpe is hit by Rich Clune.
17:07 of 1st period - Slapshot by Zac Dalpe.
17:07 of 1st period - Stopped by Scott Clemmensen without a rebound.
17:08 of 1st period - Zac Dalpe wins face-off versus Matt Dumba in Marlies zone.
17:25 of 1st period - George Parros is hit by Justin Shugg and loses puck.
17:46 of 1st period - Icing by Matt Dumba.
17:47 of 1st period - Joel Armia wins face-off versus Matt Lowry in Marlies zone.
18:02 of 1st period - Joel Armia is hit by Alexandre Grenier and loses puck.
Goals for this period are 1 for Marlies vs 0 for Stars.
Shots for this period are 8 for Marlies vs 6 for Stars.

2nd period


0:01 of 2nd period - Nicolas Deschamps wins face-off versus Spencer Machacek in neutral zone.
0:22 of 2nd period - Wrist shot by Rich Clune.
0:22 of 2nd period - Shot Misses the Net.
0:57 of 2nd period - Matt Dumba is hit by Cameron Gaunce and loses puck.
1:19 of 2nd period - Matt Dumba is hit by Wacey Hamilton and loses puck.
1:26 of 2nd period - Wacey Hamilton is hit by George Parros and loses puck.
1:45 of 2nd period - Slapshot by Jamie Oleksiak.
1:45 of 2nd period - Stopped by Scott Clemmensen with a rebound.
1:47 of 2nd period - Slapshot by Jamie Oleksiak.
1:47 of 2nd period - Shot Blocked by Sheldon Brookbank.
1:49 of 2nd period - Slapshot by Matt Tennyson.
1:49 of 2nd period - Stopped by Scott Clemmensen with a rebound.
1:58 of 2nd period - Jamie Oleksiak and Sheldon Brookbank fight to a draw.
1:58 of 2nd period - Penalty to Jamie Oleksiak for Fighting.
1:58 of 2nd period - Penalty to Sheldon Brookbank for Fighting.
1:59 of 2nd period - Zac Dalpe wins face-off versus Nicolas Deschamps in neutral zone.
2:53 of 2nd period - Snap shot by George Parros.
2:53 of 2nd period - Shot Blocked by Matt Tennyson.
2:55 of 2nd period - Slapshot by Morgan Ellis.
2:55 of 2nd period - Stopped by Joey MacDonald with a rebound.
2:57 of 2nd period - Slapshot by Morgan Ellis.
2:57 of 2nd period - Stopped by Joey MacDonald with a rebound.
2:59 of 2nd period - Slapshot by Morgan Ellis.
2:59 of 2nd period - Shot Misses the Net.
3:01 of 2nd period - Backhand shot by Jonathon Blum.
3:01 of 2nd period - Stopped by Joey MacDonald with a rebound.
3:03 of 2nd period - Snap shot by Jonathon Blum.
3:03 of 2nd period - Shot Hit the Post.
3:05 of 2nd period - Slapshot by Morgan Ellis.
3:05 of 2nd period - Shot Misses the Net.
3:07 of 2nd period - Slapshot by Morgan Ellis.
3:07 of 2nd period - Stopped by Joey MacDonald without a rebound.
3:08 of 2nd period - Michael Davies wins face-off versus Farm Player31 in Stars zone.
3:13 of 2nd period - Joel Armia is hit by Matt Watkins and loses puck.
3:20 of 2nd period - Cameron Gaunce is hit by Joel Armia and loses puck.
3:43 of 2nd period - Snap shot by Michael Davies.
3:43 of 2nd period - Stopped by Scott Clemmensen without a rebound.
3:44 of 2nd period - Spencer Machacek wins face-off versus Farm Player24 in Marlies zone.
3:45 of 2nd period - Wrist shot by Vinny Saponari.
3:45 of 2nd period - Deflect By Justin Shugg.
3:45 of 2nd period - Shot Misses the Net.
3:45 of 2nd period - Puck is out of play.
3:46 of 2nd period - Farm Player24 wins face-off versus Spencer Machacek in Marlies zone.
4:02 of 2nd period - Slapshot by Matt Dumba.
4:02 of 2nd period - Stopped by Joey MacDonald without a rebound.
4:03 of 2nd period - Spencer Machacek wins face-off versus Farm Player24 in Stars zone.
4:08 of 2nd period - Scott Harrington is hit by Cameron Gaunce and loses puck.
4:23 of 2nd period - Slapshot by Matt Dumba.
4:23 of 2nd period - Shot Blocked by Cameron Gaunce.
4:25 of 2nd period - Snap shot by Scott Harrington.
4:25 of 2nd period - Stopped by Joey MacDonald with a rebound.
4:27 of 2nd period - Slapshot by Scott Harrington.
4:27 of 2nd period - Deflect By George Parros.
4:27 of 2nd period - Stopped by Joey MacDonald without a rebound.
4:28 of 2nd period - Wacey Hamilton wins face-off versus Nicolas Deschamps in Stars zone.
5:04 of 2nd period - Slapshot by Jonathon Blum.
5:04 of 2nd period - Shot Misses the Net.
5:34 of 2nd period - Slapshot by Matt Dumba.
5:34 of 2nd period - Shot Misses the Net.
5:36 of 2nd period - Slapshot by Scott Harrington.
5:36 of 2nd period - Stopped by Joey MacDonald with a rebound.
5:38 of 2nd period - Slapshot by Scott Harrington.
5:38 of 2nd period - Deflect By Michael Davies.
5:38 of 2nd period - Stopped by Joey MacDonald with a rebound.
5:58 of 2nd period - Snap shot by George Parros.
5:58 of 2nd period - Stopped by Joey MacDonald with a rebound.
6:00 of 2nd period - Snap shot by Scott Harrington.
6:00 of 2nd period - Stopped by Joey MacDonald with a rebound.
6:02 of 2nd period - Snap shot by Matt Dumba.
6:02 of 2nd period - Stopped by Joey MacDonald with a rebound.
6:04 of 2nd period - Wrist shot by Matt Dumba.
6:04 of 2nd period - Deflect By Michael Davies.
6:04 of 2nd period - Stopped by Joey MacDonald without a rebound.
6:05 of 2nd period - Zac Dalpe wins face-off versus Farm Player24 in Stars zone.
6:21 of 2nd period - Snap shot by Zac Dalpe.
6:21 of 2nd period - Shot Blocked by George Parros.
6:23 of 2nd period - Slapshot by Patrik Nemeth.
6:23 of 2nd period - Shot Blocked by George Parros.
6:25 of 2nd period - Backhand shot by Patrik Nemeth.
6:25 of 2nd period - Stopped by Scott Clemmensen with a rebound.
6:27 of 2nd period - Slapshot by Patrik Nemeth.
6:27 of 2nd period - Shot Misses the Net.
6:29 of 2nd period - Wrist shot by Justin Shugg.
6:29 of 2nd period - Stopped by Scott Clemmensen with a rebound.
6:31 of 2nd period - Slapshot by Patrik Nemeth.
6:31 of 2nd period - Shot Misses the Net.
6:33 of 2nd period - Slapshot by Justin Shugg.
6:33 of 2nd period - Stopped by Scott Clemmensen with a rebound.
6:35 of 2nd period - Slapshot by Patrik Nemeth.
6:35 of 2nd period - Deflect By Zac Dalpe.
6:35 of 2nd period - Stopped by Scott Clemmensen with a rebound.
6:41 of 2nd period - Snap shot by Spencer Machacek.
6:41 of 2nd period - Stopped by Scott Clemmensen without a rebound.
6:42 of 2nd period - Nicolas Deschamps wins face-off versus Matt Lowry in Marlies zone.
6:52 of 2nd period - Slapshot by Carlo Colaiacovo.
6:52 of 2nd period - Shot Blocked by Morgan Ellis.
6:56 of 2nd period - Slapshot by Carlo Colaiacovo.
6:56 of 2nd period - Shot Misses the Net.
6:58 of 2nd period - Snap shot by Matt Lowry.
6:58 of 2nd period - Shot Misses the Net.
7:00 of 2nd period - Wrist shot by Matt Lowry.
7:00 of 2nd period - Shot Misses the Net.
7:08 of 2nd period - Slapshot by Carlo Colaiacovo.
7:08 of 2nd period - Stopped by Scott Clemmensen with a rebound.
7:34 of 2nd period - Vinny Saponari is hit by Farm Player31.
8:06 of 2nd period - Snap shot by Zac Dalpe.
8:06 of 2nd period - Goal by Zac Dalpe - Marlies : 1 - Stars : 1.
8:07 of 2nd period - Farm Player24 wins face-off versus Matt Lowry in neutral zone.
8:11 of 2nd period - Jamie Oleksiak beats up George Parros.
8:11 of 2nd period - Penalty to Jamie Oleksiak for Fighting.
8:11 of 2nd period - Jamie Oleksiak is ejected from game.
8:11 of 2nd period - Penalty to George Parros for Fighting.
8:12 of 2nd period - Wacey Hamilton wins face-off versus Nicolas Deschamps in Stars zone.
8:12 of 2nd period - Wacey Hamilton is hit by Rich Clune.
9:12 of 2nd period - Slapshot by Zac Dalpe.
9:12 of 2nd period - Stopped by Scott Clemmensen with a rebound.
9:14 of 2nd period - Wrist shot by Matt Tennyson.
9:14 of 2nd period - Shot Misses the Net.
9:16 of 2nd period - Slapshot by Matt Tennyson.
9:16 of 2nd period - Shot Blocked by Matt Dumba.
9:43 of 2nd period - Alexandre Grenier is hit by Sheldon Brookbank and loses puck.
9:51 of 2nd period - Steven Delisle beats up Sheldon Brookbank.
9:51 of 2nd period - Penalty to Steven Delisle for Fighting.
9:51 of 2nd period - Penalty to Sheldon Brookbank for Fighting.
9:52 of 2nd period - Nicolas Deschamps wins face-off versus Matt Lowry in Marlies zone.
10:20 of 2nd period - Snap shot by Rich Clune.
10:20 of 2nd period - Stopped by Joey MacDonald without a rebound.
10:21 of 2nd period - Zac Dalpe wins face-off versus Farm Player24 in Stars zone.
10:25 of 2nd period - Off-side.
10:26 of 2nd period - Farm Player24 wins face-off versus Zac Dalpe in neutral zone.
10:33 of 2nd period - Slapshot by Jonathon Blum.
10:33 of 2nd period - Shot Misses the Net.
11:13 of 2nd period - Michael Davies is hit by Farm Player29 and loses puck.
11:28 of 2nd period - Matt Dumba is hit by Cameron Gaunce and loses puck.
12:30 of 2nd period - Slapshot by Brendon Nash.
12:30 of 2nd period - Shot Misses the Net.
13:00 of 2nd period - Snap shot by Vinny Saponari.
13:00 of 2nd period - Shot Blocked by Joel Armia.
13:31 of 2nd period - Colton Gillies is hit by Wacey Hamilton and loses puck.
13:50 of 2nd period - Wrist shot by Matt Dumba.
13:50 of 2nd period - Shot Blocked by Matt Tennyson.
13:56 of 2nd period - Slapshot by Matt Dumba.
13:56 of 2nd period - Shot Blocked by Zac Dalpe.
14:14 of 2nd period - Minor Penalty to Farm Player29 for Roughing.
14:15 of 2nd period - Colton Gillies wins face-off versus Wacey Hamilton in Marlies zone.
14:34 of 2nd period - Snap shot by Matt Watkins.
14:34 of 2nd period - Shot Misses the Net.
14:51 of 2nd period - Penalty to Sheldon Brookbank is over, Sheldon Brookbank is back on ice.
15:13 of 2nd period - Snap shot by Michael Davies.
15:13 of 2nd period - Shot Misses the Net.
15:15 of 2nd period - Slapshot by Wacey Hamilton.
15:15 of 2nd period - Stopped by Scott Clemmensen with a rebound.
15:39 of 2nd period - Snap shot by Alexandre Grenier.
15:39 of 2nd period - Shot Misses the Net.
16:01 of 2nd period - Patrik Nemeth is hit by Sheldon Brookbank and loses puck.
16:14 of 2nd period - Penalty to Farm Player29 is over, Farm Player29 is back on ice.
16:32 of 2nd period - Slapshot by Carlo Colaiacovo.
16:32 of 2nd period - Shot Misses the Net.
17:12 of 2nd period - Farm Player29 is hit by Steven Delisle and loses puck.
18:00 of 2nd period - Off-side.
18:01 of 2nd period - Zac Dalpe wins face-off versus Farm Player29 in neutral zone.
18:04 of 2nd period - Slapshot by Matt Tennyson.
18:04 of 2nd period - Deflect By George Parros.
18:04 of 2nd period - Stopped by Scott Clemmensen with a rebound.
18:14 of 2nd period - Snap shot by Justin Shugg.
18:14 of 2nd period - Stopped by Scott Clemmensen with a rebound.
18:16 of 2nd period - Slapshot by Justin Shugg.
18:16 of 2nd period - Stopped by Scott Clemmensen with a rebound.
18:18 of 2nd period - Wrist shot by Justin Shugg.
18:18 of 2nd period - Stopped by Scott Clemmensen without a rebound.
18:19 of 2nd period - Colton Gillies wins face-off versus Zac Dalpe in Marlies zone.
19:47 of 2nd period - Slapshot by Michael Davies.
19:47 of 2nd period - Shot Misses the Net.
19:59 of 2nd period - Snap shot by George Parros.
19:59 of 2nd period - Shot Misses the Net.
Goals for this period are 0 for Marlies vs 1 for Stars.
Shots for this period are 14 for Marlies vs 16 for Stars.

3rd period


0:01 of 3rd period - Nicolas Deschamps wins face-off versus Zac Dalpe in neutral zone.
0:12 of 3rd period - Slapshot by Rich Clune.
0:12 of 3rd period - Shot Misses the Net.
0:20 of 3rd period - Snap shot by Rich Clune.
0:20 of 3rd period - Stopped by Joey MacDonald with a rebound.
0:45 of 3rd period - Patrik Nemeth is hit by Rich Clune and loses puck.
1:09 of 3rd period - Steven Delisle and George Parros fight to a draw.
1:09 of 3rd period - Penalty to Steven Delisle for Fighting.
1:09 of 3rd period - Steven Delisle is ejected from game.
1:09 of 3rd period - Penalty to George Parros for Fighting.
1:09 of 3rd period - George Parros is ejected from game.
1:10 of 3rd period - Farm Player24 wins face-off versus Wacey Hamilton in Stars zone.
2:03 of 3rd period - Farm Player31 is hit by Matt Lowry and loses puck.
2:19 of 3rd period - Minor Penalty to Sheldon Brookbank for Elbowing.
2:20 of 3rd period - Spencer Machacek wins face-off versus Rich Clune in Marlies zone.
2:28 of 3rd period - Snap shot by Alexandre Grenier.
2:28 of 3rd period - Shot Hit the Post.
2:38 of 3rd period - Slapshot by Carlo Colaiacovo.
2:38 of 3rd period - Deflect By Jonathon Blum.
2:38 of 3rd period - Stopped by Scott Clemmensen with a rebound.
3:08 of 3rd period - Jonathon Blum is hit by Carlo Colaiacovo and loses puck.
3:21 of 3rd period - Slapshot by Michael Davies.
3:21 of 3rd period - Shot Blocked by Jonathon Blum.
3:42 of 3rd period - Nicolas Deschamps is hit by Carlo Colaiacovo and loses puck.
3:55 of 3rd period - Slapshot by Carlo Colaiacovo.
3:55 of 3rd period - Stopped by Scott Clemmensen without a rebound.
3:56 of 3rd period - Nicolas Deschamps wins face-off versus Spencer Machacek in Marlies zone.
4:07 of 3rd period - Snap shot by Michael Davies.
4:07 of 3rd period - Shot Blocked by Jonathon Blum.
4:19 of 3rd period - Penalty to Sheldon Brookbank is over, Sheldon Brookbank is back on ice.
5:03 of 3rd period - Snap shot by Matt Dumba.
5:03 of 3rd period - Stopped by Joey MacDonald with a rebound.
5:05 of 3rd period - Slapshot by Scott Harrington.
5:05 of 3rd period - Stopped by Joey MacDonald with a rebound.
5:13 of 3rd period - Slapshot by Matt Dumba.
5:13 of 3rd period - Stopped by Joey MacDonald with a rebound.
5:15 of 3rd period - Slapshot by Scott Harrington.
5:15 of 3rd period - Shot Misses the Net.
5:17 of 3rd period - Slapshot by Scott Harrington.
5:17 of 3rd period - Stopped by Joey MacDonald without a rebound.
5:18 of 3rd period - Wacey Hamilton wins face-off versus Farm Player31 in Stars zone.
5:41 of 3rd period - Michael Davies is hit by Sheldon Brookbank and loses puck.
5:59 of 3rd period - Scott Harrington is hit by Carlo Colaiacovo and loses puck.
6:08 of 3rd period - Snap shot by Alexandre Grenier.
6:08 of 3rd period - Stopped by Scott Clemmensen with a rebound.
6:10 of 3rd period - Snap shot by Alexandre Grenier.
6:10 of 3rd period - Shot Blocked by Scott Harrington.
6:12 of 3rd period - Snap shot by Carter Bancks.
6:12 of 3rd period - Shot Misses the Net.
6:14 of 3rd period - Slapshot by Matt Tennyson.
6:14 of 3rd period - Shot Blocked by Matt Dumba.
6:16 of 3rd period - Slapshot by Patrik Nemeth.
6:16 of 3rd period - Stopped by Scott Clemmensen with a rebound.
7:18 of 3rd period - Brendon Nash is hit by Patrik Nemeth and loses puck.
8:05 of 3rd period - Drew Schiestel is hit by Carter Bancks and loses puck.
8:24 of 3rd period - Icing by Morgan Ellis.
8:25 of 3rd period - Farm Player31 wins face-off versus Michael Davies in Marlies zone.
8:40 of 3rd period - Farm Player31 is hit by Patrik Nemeth and loses puck.
8:53 of 3rd period - Slapshot by Matt Watkins.
8:53 of 3rd period - Shot Blocked by Sheldon Brookbank.
9:53 of 3rd period - Alexandre Grenier is hit by Farm Player24 and loses puck.
10:37 of 3rd period - Matt Tennyson is hit by Farm Player24.
10:57 of 3rd period - Matt Tennyson is hit by Matt Dumba and loses puck.
11:08 of 3rd period - Matt Dumba is hit by Wacey Hamilton and loses puck.
11:51 of 3rd period - Carlo Colaiacovo is hit by Farm Player29 and loses puck.
12:33 of 3rd period - Slapshot by Jonathon Blum.
12:33 of 3rd period - Deflect By Alexandre Grenier.
12:33 of 3rd period - Stopped by Joey MacDonald with a rebound.
12:39 of 3rd period - Sheldon Brookbank is hit by Cameron Gaunce.
12:43 of 3rd period - Snap shot by Alexandre Grenier.
12:43 of 3rd period - Stopped by Scott Clemmensen without a rebound.
12:44 of 3rd period - Matt Lowry wins face-off versus Farm Player31 in Marlies zone.
13:01 of 3rd period - Slapshot by Zac Dalpe.
13:01 of 3rd period - Shot Misses the Net.
13:03 of 3rd period - Minor Penalty to Scott Harrington for Hooking.
13:04 of 3rd period - Colton Gillies wins face-off versus Wacey Hamilton in Marlies zone.
13:38 of 3rd period - Rich Clune is hit by Justin Shugg and loses puck.
14:54 of 3rd period - Wacey Hamilton is hit by Jonathon Blum and loses puck.
15:03 of 3rd period - Penalty to Scott Harrington is over, Scott Harrington is back on ice.
15:39 of 3rd period - Jordan Henry is hit by Alexandre Grenier and loses puck.
15:40 of 3rd period - Jordan Henry from Marlies is injured at 15:40 of 3rd period (Back Spasms).
15:41 of 3rd period - Nicolas Deschamps wins face-off versus Zac Dalpe in Marlies zone.
16:03 of 3rd period - Backhand shot by Jonathon Blum.
16:03 of 3rd period - Stopped by Joey MacDonald with a rebound.
16:19 of 3rd period - Sheldon Brookbank is hit by Cameron Gaunce and loses puck.
16:51 of 3rd period - Patrik Nemeth and Scott Harrington fight to a draw.
16:51 of 3rd period - Penalty to Patrik Nemeth for Fighting.
16:51 of 3rd period - Penalty to Scott Harrington for Fighting.
16:52 of 3rd period - Farm Player24 wins face-off versus Wacey Hamilton in Stars zone.
16:56 of 3rd period - Matt Tennyson and Morgan Ellis fight to a draw.
16:56 of 3rd period - Penalty to Matt Tennyson for Fighting.
16:56 of 3rd period - Penalty to Morgan Ellis for Fighting.
16:57 of 3rd period - Zac Dalpe wins face-off versus Nicolas Deschamps in neutral zone.
17:24 of 3rd period - Wrist shot by Carlo Colaiacovo.
17:24 of 3rd period - Shot Misses the Net.
17:51 of 3rd period - Matt Dumba is hit by Michael Davies and loses puck.
19:11 of 3rd period - Nicolas Deschamps is hit by Spencer Machacek and loses puck.
Goals for this period are 0 for Marlies vs 0 for Stars.
Shots for this period are 7 for Marlies vs 5 for Stars.

Overtime #1


0:01 of 1st overtime period - Colton Gillies wins face-off versus Vinny Saponari in neutral zone.
0:35 of 1st overtime period - Slapshot by Sheldon Brookbank.
0:35 of 1st overtime period - Deflect By Rich Clune.
0:35 of 1st overtime period - Stopped by Joey MacDonald with a rebound.
0:58 of 1st overtime period - Cameron Gaunce is hit by Colton Gillies and loses puck.
1:51 of 1st overtime period - Penalty to Patrik Nemeth is over, Patrik Nemeth is back on ice.
1:51 of 1st overtime period - Penalty to Scott Harrington is over, Scott Harrington is back on ice.
1:51 of 1st overtime period - Wrist shot by Sheldon Brookbank.
1:51 of 1st overtime period - Shot Blocked by Carlo Colaiacovo.
1:57 of 1st overtime period - Jonathon Blum is hit by Cameron Gaunce and loses puck.
2:28 of 1st overtime period - Matt Dumba is hit by Matt Tennyson and loses puck.
3:09 of 1st overtime period - Carlo Colaiacovo is hit by Sheldon Brookbank and loses puck.
3:24 of 1st overtime period - Matt Tennyson is hit by Farm Player31 and loses puck.
3:31 of 1st overtime period - Slapshot by Jake Hansen.
3:31 of 1st overtime period - Shot Blocked by Vinny Saponari.
4:01 of 1st overtime period - Icing by Matt Tennyson.
4:02 of 1st overtime period - Justin Shugg wins face-off versus Rich Clune in Stars zone.
4:23 of 1st overtime period - Matt Dumba is hit by Michael Davies and loses puck.
4:40 of 1st overtime period - Cameron Gaunce is hit by Scott Harrington and loses puck.
Goals for this period are 0 for Marlies vs 0 for Stars.
Shots for this period are 1 for Marlies vs 0 for Stars.

ShootOut


5:00 of 1st overtime period - Penalty Shot by Sheldon Brookbank for Marlies.
5:00 of 1st overtime period - Deke by Sheldon Brookbank.
5:00 of 1st overtime period - Stopped by Joey MacDonald.
5:00 of 1st overtime period - Penalty Shot by Carter Bancks for Stars.
5:00 of 1st overtime period - Deke by Carter Bancks.
5:00 of 1st overtime period - Stopped by Scott Clemmensen.
5:00 of 1st overtime period - Penalty Shot by Colton Gillies for Marlies.
5:00 of 1st overtime period - Backhand shot by Colton Gillies.
5:00 of 1st overtime period - Stopped by Joey MacDonald.
5:00 of 1st overtime period - Penalty Shot by Vinny Saponari for Stars.
5:00 of 1st overtime period - Backhand shot by Vinny Saponari.
5:00 of 1st overtime period - Shot Misses the Net.
5:00 of 1st overtime period - Penalty Shot by Rich Clune for Marlies.
5:00 of 1st overtime period - Deke by Rich Clune.
5:00 of 1st overtime period - Shot Misses the Net.
5:00 of 1st overtime period - Penalty Shot by Justin Shugg for Stars.
5:00 of 1st overtime period - Snap shot by Justin Shugg.
5:00 of 1st overtime period - Stopped by Scott Clemmensen.
5:00 of 1st overtime period - Penalty Shot by Matt Dumba for Marlies.
5:00 of 1st overtime period - Backhand shot by Matt Dumba.
5:00 of 1st overtime period - Goal by Matt Dumba.
5:00 of 1st overtime period - Penalty Shot by Michael Davies for Stars.
5:00 of 1st overtime period - Backhand shot by Michael Davies.
5:00 of 1st overtime period - Goal by Michael Davies.
5:00 of 1st overtime period - Penalty Shot by Joel Armia for Marlies.
5:00 of 1st overtime period - Deke by Joel Armia.
5:00 of 1st overtime period - Goal by Joel Armia.
5:00 of 1st overtime period - Penalty Shot by Alexandre Grenier for Stars.
5:00 of 1st overtime period - Snap shot by Alexandre Grenier.
5:00 of 1st overtime period - Stopped by Scott Clemmensen.


Output by the SimonT Hockey Simulator (STHS) for Eric Dolegowski -- Original Page W3C XHTML 1.0 Valid
Hockey Simulator - Hockey Simulation - Hockey Manager